 Dungeon Crawl Stone Soup version 0.29-a0-1047-g7c58e119a4 (webtiles) character file.

Game seed: 4494542298476112151

23 IdlyInterested the Covered (level 2, 0/21 HPs)
             Began as a Demonspawn Wanderer on Aug 16, 2022.
             Slain by a hobgoblin (4 damage)
             ... on level 1 of the Dungeon.
             The game lasted 00:03:26 (643 turns).

IdlyInterested the Covered (Demonspawn Wanderer)     Turns: 643, Time: 00:03:26

Health: 0/21       AC:  9    Str: 14    XL:     2   Next: 75%
Magic:  2/2        EV:  9    Int: 13    God:
Gold:   32         SH:  0    Dex: 10    Spells: 1/1 levels left

rFire   . . .      SeeInvis .   a - +0 falchion
rCold   . . .      Faith    .   (no shield)
rNeg    . . .      Spirit   .   b - +2 scale mail
rPois   .          Reflect  .   (no helmet)
rElec   .          Harm     .   (no cloak)
rCorr   .          Rampage  .   (no gloves)
Will    .....                   (no boots)
Stlth   ..........              (no amulet)
HPRegen 0.07/turn               (no ring)
MPRegen 0.08/turn               (no ring)

@: no status effects
A: weakness stinger 1
a: no special abilities


You were on level 1 of the Dungeon.
You visited 1 branch of the dungeon, and saw 1 of its levels.

You collected 32 gold pieces.

Inventory:

Hand Weapons
 a - a +0 falchion (weapon)
Missiles
 e - 5 curare-tipped darts (quivered)
 j - 6 boomerangs
Armour
 b - a +2 scale mail (worn)
Scrolls
 c - 2 scrolls of poison {unknown}
 d - a scroll of blinking
 g - a scroll of brand weapon {unknown}
 h - a scroll of torment {unknown}
 i - a scroll of summoning {unknown}
Potions
 f - a potion of invisibility {unknown}


   Skills:
 + Level 1.0 Fighting
 * Level 2.5 Long Blades
 - Level 1.0 Throwing
 - Level 4.5 Armour
 + Level 1.0 Dodging
 - Level 1.0 Stealth
 - Level 1.0 Evocations


You had one spell level left.
You didn't know any spells.
Your spell library was empty.

Dungeon Overview and Level Annotations

Branches:
Dungeon (1/15)

Altars:


Innate Abilities, Weirdness & Mutations

You have a small tail.


Message History

The dart slug launches a dart at you. The slug dart hits you.
A hobgoblin comes into view.
The hobgoblin shouts!
Found a dagger.
The hobgoblin hits you.
You hit the hobgoblin but do no damage. The hobgoblin misses you.
The dart slug launches a dart at you. The slug dart misses you.
The hobgoblin closely misses you. The dart slug launches a dart at you.
The slug dart hits you.
You hit the dart slug but do no damage.
The hobgoblin hits you but does no damage.
The dart slug barely misses you.
The hobgoblin hits you but does no damage.
You hit the dart slug.
The dart slug is moderately wounded.
The dart slug bites you but does no damage.
The hobgoblin hits you.
You hit the dart slug.
You tail-slap the dart slug, but do no damage.
The dart slug is moderately wounded.
The hobgoblin hits you.
The dart slug bites you but does no damage.
You hit the dart slug.
The dart slug is heavily wounded.
The hobgoblin barely misses you.
You hit the dart slug but do no damage.
The dart slug is heavily wounded.
The hobgoblin hits you.
* * * LOW HITPOINT WARNING * * *
The dart slug bites you but does no damage.
You hit the dart slug.
You kill the dart slug!
The hobgoblin hits you but does no damage.
You hit the hobgoblin.
The hobgoblin is heavily wounded.
The hobgoblin hits you but does no damage.
The hobgoblin hits you.
You die...

..###.....# #.
..........
...####...#
#.#.########.....
.#.## #...#
#.......... ....
.#..###...#
#..........
###†##....##
#..........
>.#.#..##..#
#..........
..#.#..##..#
#.#.....#
..#.#......#
#.#.....###
..#........#
#.g@.......
..#######..#
#.#.)..)###
......#
##.###.#..^..#
......#
##..##.#.....#
......#
#.........####
......#
#.........#
......#
#.........#
......#
#.........#
......#
#.........#


You could see a hobgoblin.

Vanquished Creatures
  2 dart slugs (D:1)
  A bat (D:1)
  2 endoplasms (D:1)
  2 giant cockroaches (D:1)
  A hobgoblin (D:1)
  2 jackals (D:1)
  2 quokkas (D:1)
  2 ball pythons (D:1)
  2 kobolds (D:1)
  2 rats (D:1)
18 creatures vanquished.

Notes
Turn   | Place    | Note
-------+----------+-------------------------------------------
     0 | D:1      | IdlyInterested the Demonspawn Wanderer began the quest for
                  | the Orb.
     0 | D:1      | IdlyInterested set off with the following items: a +0
                  | falchion, a +2 scale mail, a potion of lignification, a
                  | scroll of blinking.
     0 | D:1      | Reached XP level 1. HP: 13/13 MP: 1/1
   129 | D:1      | Gained mutation: You have a small tail. [demonic ancestry]
   129 | D:1      | Reached XP level 2. HP: 14/20 MP: 2/2
   605 | D:1      | Reached skill level 1 in Fighting
   605 | D:1      | Reached skill level 1 in Stealth
   643 | D:1      | Slain by a hobgoblin

Illustrated notes

Levels and vault maps discovered:
D:1:      amcnicky_arrival_wind_blow, layout_basic,
          dreamdust_ecumenical_altar_hidden_monk_grotto, minmay_tetromino_o4

Skill      XL: |  1  2 |
---------------+-------+-----
Long Blades    | 2 |  2.5
Fighting       | 1 |  1.0
Stealth        | 1 |  1.0
Throwing       | |  1.0
Armour         | |  4.5
Dodging        | |  1.0
Evocations     | |  1.0

Action                   || total
-------------------------++-------
Melee: Falchion          ||    82
       Tailslap          ||     4
Armor: Scale mail        ||    53
Dodge: Dodged            ||    42

Table legend: (Time is in decaauts)
 A = Elapsed time spent in this place.
 B = Non-inter-level travel time spent in this place.
 C = Inter-level travel time spent in this place.
 D = Time resting spent in this place.
 E = Time spent auto-exploring this place.
 F = Levels seen in this place.
 G = Mean time per level.
                   A        B        C        D        E       F      G
               +--------+--------+--------+--------+--------+-----+--------+
         Total |    658 |    658 |      0 |    320 |    140 |   1 |  658.0 |
       Dungeon |    658 |    658 |      0 |    320 |    140 |   1 |  658.0 |
               +--------+--------+--------+--------+--------+-----+--------+

Top non-repeatable levels by time:
     D:1: 658 daAuts
